General information
- name: BNet
- type: Ladder 1vs1/FFA
- host: Battle.net
- saver: TALONSAREIMBA
map: TurtleRock
- players: 2
- length: 10:06
- speed: Fast
- version: 1.24 W3XP
- replay type: Public
» download(48 KB)
Players
team 1 (winner)
TALONSAREIMBA (
pink | 176 APM | 1783 actions | 10:06)
4 Blademaster
2 Wind Walk
2 Critical Strike
1 Shadow Hunter
1 Hex
» actions
| Assign group hotkey | 14 | |
| Basic commands | 34 | |
| Build / train | 34 | |
| ESC pressed | 1 | |
| Enter build submenu | 12 | |
| Enter hero's abilities submenu | 5 | |
| Give item / drop item | 1 | |
| Right click | 898 | |
| Select / deselect | 355 | |
| Select group hotkey | 390 | |
| Use ability | 39 | |
1783 total
» units
» upgrades
| Berserker Strength | 1 | |
| Ensnare | 1 | |
2 total
» buildings
| Altar of Storms | 1 | |
| Orc Burrow | 4 | |
| Barracks | 1 | |
| Voodoo Lounge | 2 | |
| Stronghold | 1 | |
| War Mill | 1 | |
| Beastiary | 1 | |
11 total
» build order
00:04 Altar of Storms
00:05 Orc Burrow
00:22 Barracks
01:41 Orc Burrow
02:02 Voodoo Lounge
03:57 Stronghold
04:13 Orc Burrow
05:03 War Mill
06:15 Voodoo Lounge
06:53 Beastiary
07:49 Orc Burrow
» items
| Healing Salve | 2 | |
| Lesser Clarity Potion | 1 | |
| Circlet of Nobility | 1 | |
| Boots of Speed | 1 | |
5 total
team 2 (loser)
LimPo (
yellow | 156 APM | 1551 actions | 09:58)
2 Archmage
1 Summon Water Elemental
1 Brilliance Aura
1 Mountain King
1 Storm Bolt
» actions
| Assign group hotkey | 161 | |
| Basic commands | 75 | |
| Build / train | 64 | |
| ESC pressed | 4 | |
| Enter build submenu | 24 | |
| Enter hero's abilities submenu | 3 | |
| Remove unit from queue | 2 | |
| Right click | 428 | |
| Select / deselect | 321 | |
| Select group hotkey | 404 | |
| Use ability | 65 | |
1551 total
» units
| Peasant | 16 | |
| Footman | 13 | |
| Priest | 2 | |
| Sorceress | 3 | |
| Rifleman | 1 | |
35 total
» upgrades
» buildings
| Altar of Kings | 2 | |
| Barracks | 1 | |
| Farm | 6 | |
| Scout Tower | 1 | |
| Arcane Tower | 2 | |
| Keep | 1 | |
| Arcane Vault | 1 | |
| Lumber Mill | 1 | |
| Blacksmith | 1 | |
| Arcane Sanctum | 2 | |
18 total
» build order
00:04 Altar of Kings
00:07 Altar of Kings
00:18 Barracks
00:33 Farm
00:48 Farm
01:59 Scout Tower
02:02 Farm
02:40 Arcane Tower
02:40 Arcane Tower
03:27 Keep
03:59 Arcane Vault
04:03 Farm
05:00 Lumber Mill
05:10 Blacksmith
05:27 Farm
05:52 Arcane Sanctum
05:55 Arcane Sanctum
07:25 Farm
» items
| Scroll of Regeneration | 3 | |
| Lesser Clarity Potion | 1 | |
| Potion of Healing | 1 | |
| Potion of Lesser Invulnerability | 2 | |
7 total
Chat log
(00:22 / All) LimPo: \hi
(00:23 / All) LimPo: gl
(09:56 / All) LimPo: gg